 Dungeon Crawl Stone Soup version 0.24.0-29-g8ce449bc06 (webtiles) character file.

Game seed: 13805431218426135139, levelgen mode: deterministic

187 Grimalkyne the Digger (level 5, -1/30 HPs)
             Began as a Gargoyle Earth Elementalist on Oct 27, 2019.
             Slain by an orc wizard
             ... wielding a +0 dagger
              (2 damage)
             ... on level 3 of the Dungeon on Nov 15, 2019.
             The game lasted 00:12:21 (3372 turns).

Grimalkyne the Digger (Gargoyle Earth Elementalist) Turns: 3372, Time: 00:12:21

Health: -1/30      AC:  6    Str: 12    XL:     5   Next: 66%
Magic:  1/8        EV: 12    Int: 16    God:
Gold:   93         SH:  0    Dex: 10    Spells: 0/8 levels left

rFire    . . .     SeeInvis .   e - +0 spear
rCold    . . .     Gourm    .   (no shield)
rNeg     + . .     Faith    .   c - +0 robe
rPois    ∞         Spirit   .   (no helmet)
rElec    +         Reflect  .   (no cloak)
rCorr    .         Harm     .   (no gloves)
MR       .....                  (no boots)
Stlth    ++........             (no amulet)
HPRegen  0.10/turn              (no ring)
MPRegen  0.11/turn              (no ring)

@: no status effects
A: negative energy resistance 1, electricity resistance, unbreathing,
petrification resistance, rot immunity, AC +4
a: no special abilities


You were on level 3 of the Dungeon.
You were not hungry.

You visited 1 branch of the dungeon, and saw 3 of its levels.

You collected 93 gold pieces.

Inventory:

Hand Weapons
 e - a +0 spear (weapon)
Missiles
 b - 52 stones (quivered)
Armour
 c - a +0 robe (worn)
Wands
 n - a wand of paralysis (11)
Scrolls
 f - a scroll of teleportation {unknown}
 g - a scroll of amnesia {unknown}
 j - a scroll of immolation {unknown}
 l - 2 scrolls of identify {unknown}
 m - a scroll of remove curse {unknown}
Potions
 a - 3 potions of curing {unknown}
 h - a potion of haste {unknown}
 i - a potion of heal wounds {unknown}
 k - a potion of flight {unknown}
Comestibles
 d - 4 rations
 o - 10 chunks of flesh


   Skills:
 + Level 2.0 Fighting
 + Level 2.2 Dodging
 - Level 2.2 Stealth
 - Level 2.0 Spellcasting
 - Level 3.0 Conjurations
 + Level 1.2 Transmutations
 - Level 5.1 Earth Magic


You couldn't memorise any spells.
You knew the following spells:

 Your Spells              Type           Power        Failure   Level  Hunger
a - Sandblast             Erth           ###...       2%          1    #......
b - Stone Arrow           Conj/Erth      ##....       12%         3    ###....
c - Petrify               Tmut/Erth      ##......     50%         4    #####..

Your spell library contained the following spells:

 Spells                   Type           Power        Failure   Level  Hunger
 Passwall                 Tmut/Erth      ##......     9%          2    ###....
 Lee's Rapid Deconstruct  Erth           ###.......   56%         5    ######.


Dungeon Overview and Level Annotations

Branches:
Dungeon (3/15)

Altars:
Yredelemnul


Innate Abilities, Weirdness & Mutations

You are resistant to torment.
Your stone body is resilient. (AC +4)
You are immune to poison.
You resist negative energy. (rN+)
You are resistant to electric shocks. (rElec)
You can survive without breathing.
You are immune to petrification.
You are immune to rotting.


Message History

Aiming: Sandblast (safe; 2% risk of failure)
Press: ? - help, Shift-Dir - straight line
b - 54 stones Something hits you but does no damage.
Casting: Sandblast (safe; 2% risk of failure)
Confirm with . or Enter, or press ? or * to list all spells.
Aiming: Sandblast (safe; 2% risk of failure)
Press: ? - help, Shift-Dir - straight line
b - 53 stones You hear some strange, mumbled words.
A magic dart appears from out of thin air!
The magic dart hits you!
* * * LOW HITPOINT WARNING * * *
Casting: Sandblast (safe; 2% risk of failure)
Confirm with . or Enter, or press ? or * to list all spells.
Aiming: Sandblast (safe; 2% risk of failure)
Press: ? - help, Shift-Dir - straight line
b - 52 stones Something hits you.
You die...

#.# #.# #.# #.# #####.#.#
#.# #.<...#.# #.# #
#.#####.# #.#
###.#####.## #.# #.#
#......[.[.####.#######.#
#.#.##(.................#
#......{@.##.##########
.o..###.##).÷)...).......
## #.##..÷##.#########
#.##...##.# #.##......#
..##...#### #......#
......## #####.#


There were no monsters in sight!

Vanquished Creatures
  An orc wizard (D:2)
  A worker ant (D:3)
  4 gnolls
  2 adders
  A worm (D:2)
  A leopard gecko (D:3)
  9 orcs
  2 ball pythons (D:2)
  7 bats
  4 giant cockroaches
  2 goblins
  5 hobgoblins
  8 jackals
  6 kobolds
  2 quokkas (D:2)
  3 frilled lizards
  4 rats
62 creatures vanquished.

Notes
Turn   | Place    | Note
-------+----------+-------------------------------------------
     0 | D:1      | Grimalkyne the Gargoyle Earth Elementalist began the quest
                  | for the Orb.
     0 | D:1      | Reached XP level 1. HP: 10/10 MP: 3/3
   319 | D:1      | Reached skill level 4 in Earth Magic
   424 | D:1      | Reached XP level 2. HP: 15/15 MP: 3/5
  1256 | D:2      | Reached XP level 3. HP: 13/19 MP: 4/6
  1373 | D:2      | Reached skill level 5 in Earth Magic
  1378 | D:2      | Learned a level 3 spell: Stone Arrow
  1611 | D:2      | Reached skill level 1 in Conjurations
  1855 | D:2      | Found a basalt altar of Yredelemnul.
  1864 | D:2      | Upgraded the game from 0.24.0-1-gfbc8707122 to
                  | 0.24.0-29-g8ce449bc06
  2350 | D:2      | Reached XP level 4. HP: 4/24 MP: 2/7
  2744 | D:2      | Reached skill level 1 in Fighting
  2744 | D:2      | Reached XP level 5. HP: 17/29 MP: 4/8
  3167 | D:3      | Learned a level 4 spell: Petrify
  3258 | D:3      | Reached skill level 1 in Transmutations
  3371 | D:3      | HP: 1/30 [something/magic dart (9)]
  3372 | D:3      | Slain by an orc wizard

Levels and vault maps discovered:
D:1:      dpeg_arrival_arbitrary_a, layout_basic, minmay_distorted
D:2:      layout_basic, nicolae_overflow_crystal_walls,
          ebering_dispersal_statue_hall
D:3:      layout_loops_ring, first_ration

Skill      XL: |  1  2  3  4  5 |
---------------+----------------+-----
Earth Magic    | 4 5 |  5.1
Conjurations   | 1 3 |  3.0
Fighting       | 1 2 |  2.0
Dodging        | 2 |  2.2
Transmutations | 1 |  1.2
Stealth        | |  2.2
Spellcasting   | |  2.0

Action                   |  1- 3 |  4- 6 || total
-------------------------+-------+-------++-------
Melee: Spear             |    61 |    25 ||    86
       Short sword       |     2 |       ||     2
Throw: Stone             |     2 |     2 ||     4
 Cast: Sandblast         |    33 |    36 ||    69
       Stone Arrow       |     6 |     5 ||    11
 Stab: Sleeping          |     4 |       ||     4
  Eat: Chunk             |     6 |     4 ||    10
Armor: Robe              |    20 |    19 ||    39
Dodge: Dodged            |    55 |    15 ||    70
